 Dungeon Crawl Stone Soup version 0.31-a0-1267-gfedaa18580 (webtiles) character file.

Game seed: 7244060083705692758

146 BubbleThief the Grave Robber (level 5, -2/35 HPs)
             Began as a Demonspawn Necromancer on Dec 17, 2023.
             Slain by a black bear (5 damage)
             ... on level 4 of the Dungeon.
             The game lasted 00:05:16 (3257 turns).

BubbleThief the Grave Robber (DsNe)                 Turns: 3257, Time: 00:05:17

Health: -2/35      AC:  2    Str:  8    XL:     5   Next: 7%
Magic:  3/9        EV: 12    Int: 17    God:
Gold:   156        SH:  0    Dex: 14    Spells: 2/10 levels left

rFire   . . .        (no weapon)
rCold   . . .        (no shield)
rNeg    . . .        a - +0 robe
rPois   .            (no helmet)
rElec   .            (no cloak)
rCorr   .            (no gloves)
SInv    .            (no boots)
Will    .....        (no amulet)
Stlth   ++           (no ring)
HPRegen 0.25/turn    (no ring)
MPRegen 0.11/turn

%: no passive effects
@: no status effects
A: claws 2
a: no special abilities


You were on level 4 of the Dungeon.
You visited 1 branch of the dungeon, and saw 4 of its levels.

You collected 156 gold pieces.

Inventory:

Hand Weapons
 c - a +0 dagger
Missiles
 s - a throwing net
Armour
 a - a +0 robe (worn)
Jewellery
 f - an amulet of faith
Scrolls
 d - a scroll of identify {unknown}
 e - a scroll of fear {unknown}
 h - a scroll of silence {unknown}
 i - 2 scrolls of revelation {unknown}
 j - a scroll of enchant weapon {unknown}
 m - a scroll of fog {unknown}
 n - a scroll of butterflies {unknown}
 p - a scroll of teleportation {unknown}
 r - a scroll of amnesia {unknown}
Potions
 b - a potion of magic
 g - 2 potions of curing {unknown}
 k - a potion of lignification {unknown}
 l - a potion of heal wounds {unknown}
 o - a potion of haste {unknown}
 q - a potion of resistance {unknown}


   Skills:
 - Level 1.7 Dodging
 - Level 1.7 Stealth
 + Level 3.2 Spellcasting
 * Level 6.3 Necromancy


You had 2 spell levels left.
You knew the following spells:

 Your Spells              Type           Power      Damage    Failure   Level
a - Necrotise             Necr           96%        1d8       1%          1
b - Vampiric Draining     Necr           24%        2d7       3%          3
c - Animate Dead          Necr           24%        N/A       13%         4

Your spell library contained the following spells:

 Spells                   Type           Power      Damage    Failure   Level
 Ensorcelled Hibernation  Hex/Ice        4%         N/A       26%         2
 Jinxbite                 Hex            4%         N/A       26%         2
 Agony                    Necr           24%        N/A       34%         5
 Anguish                  Hex/Necr       6%         N/A       43%         4


Dungeon Overview and Level Annotations

Branches:
Dungeon (4/15)
 Temple: D:4-7

Altars:
Ru

Shops:
D:1 ?


Innate Abilities, Weirdness & Mutations

You have very sharp fingernails.


Message History

Aiming: Necrotise (safe; 1% risk of failure)
Press: ? - help, Q - select action, (/) - cycle Shift-Dir - straight line, f/p - black bear
Aim: a black bear (moderately wounded, chance to affect: 83%)
The black bear writhes in agony.
The black bear bites you. The black bear claws you.
The black bear closely misses you.
You are now empty-clawed.
You barely miss the black bear.
The black bear is heavily wounded.
The black bear bites you. The black bear claws you.
The black bear closely misses you.
Unknown command.
You scratch the black bear but do no damage.
The black bear is heavily wounded.
The black bear bites you. The black bear claws you. x2
A kobold comes into view.
It is wielding a +0 dagger and quivering poisoned darts.
Unknown command.
Unknown command.
You scratch the black bear.
The black bear is severely wounded.
The black bear goes berserk!
Unknown command.
Unknown command.
Aiming: Necrotise (safe; 1% risk of failure)
Press: ? - help, Q - select action, (/) - cycle Shift-Dir - straight line, f/p - black bear
Aim: a black bear (severely wounded, berserk, chance to affect: 83%)
The black bear barely resists.
The black bear barely misses you. The black bear claws you.
* * * LOW HITPOINT WARNING * * *
The black bear closely misses you. The black bear bites you.
* * * LOW HITPOINT WARNING * * *
The black bear claws you.
* * * LOW HITPOINT WARNING * * *
The black bear claws you but does no damage.
Aiming: Necrotise (safe; 1% risk of failure)
Press: ? - help, Q - select action, (/) - cycle Shift-Dir - straight line, f/p - black bear
Aim: a black bear (severely wounded, berserk, chance to affect: 83%)
The black bear writhes in agony.
The black bear bites you.
You die...

#.. ..#####
#.#...# #.#.#.#
#K#.#.# #.#.#.#
#h#.#.############
#@#.#............#
#.#.#.............
#...#.##########.#
#.###.# #.#
#.....# #.#
#.##### #.# #.#
#.# #.# #.#
#.##############.#


You could see a black bear (berserk) and a kobold.

Vanquished Creatures
  A hound (D:4)
  2 gnolls (D:3)
  3 adders (D:2)
  An orc (D:3)
  3 endoplasms
  3 giant cockroaches
  9 goblins
  5 hobgoblins
  7 kobolds
  5 quokkas
  4 ball pythons
  4 bats
  2 frilled lizards
  2 rats
51 creatures vanquished.

Vanquished Creatures (collateral kills)
  An adder (D:3)
  A kobold (D:2)
  A quokka (D:2)
3 creatures vanquished.

Grand Total: 54 creatures vanquished

Notes
Turn   | Place    | Note
-------+----------+-------------------------------------------
     0 | D:1      | BubbleThief the Demonspawn Necromancer began the quest for
                  | the Orb.
     0 | D:1      | Reached XP level 1. HP: 13/13 MP: 3/3
    88 | D:1      | Found Tupsoq's Magic Scroll Boutique.
   260 | D:1      | Gained mutation: You have sharp fingernails. [demonic
                  | ancestry]
   260 | D:1      | Reached XP level 2. HP: 19/19 MP: 1/5
   679 | D:1      | Reached skill level 5 in Necromancy
  1302 | D:2      | Reached XP level 3. HP: 23/24 MP: 1/6
  1382 | D:2      | Found a faded altar of an unknown god.
  2355 | D:3      | Noticed a kobold brigand
  2394 | D:3      | Reached XP level 4. HP: 30/30 MP: 3/8
  2515 | D:3      | Found a sacrificial altar of Ru.
  2738 | D:3      | Learned a level 3 spell: Vampiric Draining
  2743 | D:3      | Learned a level 4 spell: Animate Dead
  2936 | D:3      | Reached skill level 6 in Necromancy
  3187 | D:4      | Noticed a black bear
  3200 | D:4      | Gained mutation: You have very sharp fingernails. [demonic
                  | ancestry]
  3200 | D:4      | Reached XP level 5. HP: 35/35 MP: 5/9
  3257 | D:4      | Slain by a black bear

Illustrated notes

Levels and vault maps discovered:
D:1:      dpeg_arrival_windows_large_door, layout_loops_ring, serial_shops,
          nicolae_shop_crystal, serial_bayou, serial_bayou_pond_c,
          serial_bayou_lagoon_a, serial_bayou_lake_a, serial_bayou_crossing,
          serial_bayou_shore_a
D:2:      layout_basic, serial_corexii_hall, corexii_hall_statues_l,
          corexii_hall_statues_l, corexii_hall_statues_u,
          corexii_hall_statues_i, shapermc_ecumenical_altar_mp_urbaneastern,
          corexii_hall_statues_i
D:3:      cheibrodos_thug_alley, layout_basic, mainiacjoe_overflow_boulevard,
          general_overflow_altar
D:4:      layout_basic

Skill      XL: |  1  2  3  4 |
---------------+-------------+-----
Necromancy     | 5 6 |  6.3
Spellcasting   | 3 |  3.2
Dodging        | |  1.7
Stealth        | |  1.7

Action                     |  1- 3 |  4- 6 || total
---------------------------+-------+-------++-------
  Melee: Dagger            |     1 |       ||     1
         Unarmed           |       |     3 ||     3
   Cast: Necrotise         |    63 |    50 ||   113
 Armour: Robe              |     8 |    14 ||    22
  Dodge: Dodged            |     5 |    15 ||    20

Table legend: (Time is in decaauts)
 A = Elapsed time spent in this place.
 B = Non-inter-level travel time spent in this place.
 C = Inter-level travel time spent in this place.
 D = Time resting spent in this place.
 E = Time spent auto-exploring this place.
 F = Levels seen in this place.
 G = Mean time per level.
                   A        B        C        D        E       F      G
               +--------+--------+--------+--------+--------+-----+--------+
         Total |   3325 |   3213 |    112 |    170 |   2623 |   4 |  831.2 |
       Dungeon |   3325 |   3213 |    112 |    170 |   2623 |   4 |  831.2 |
               +--------+--------+--------+--------+--------+-----+--------+

Top non-repeatable levels by time:
     D:2: 1428 daAuts
     D:1: 1213 daAuts
     D:3: 561 daAuts
     D:4: 122 daAuts
